 Dungeon Crawl Stone Soup version 0.21.1-1-g345015f (webtiles) character file.

480 troglodite the Slasher (level 6, -1/50 HPs)
             Began as a Demonspawn Berserker on Mar 13, 2018.
             Was a Priest of Trog.
             Killed by nerve-wracking pain
             ... invoked by Grinder
              (12 damage)
             ... while paralysed by Grinder
             ... on level 4 of the Dungeon.
             The game lasted 00:14:15 (4068 turns).

troglodite the Slasher (Demonspawn Berserker)       Turns: 4068, Time: 00:14:16

Health: -1/50      AC:  9    Str: 17    XL:     6   Next: 86%
Magic:  6/6        EV:  2    Int: 11    God:    Trog [***...]
Gold:   93         SH:  0    Dex: 15    Spells: 5/5 levels left

rFire    . . .     SeeInvis .   a - +0 falchion
rCold    . . .     Gourm    .   (no shield)
rNeg     . . .     Faith    .   q - +0 ring mail
rPois    .         Spirit   .   f - +0 helmet {Int+3}
rElec    .         Reflect  .   (no cloak)
rCorr    .         Harm     .   m - +0 pair of gloves
MR       .....                  o - +0 pair of boots
Stlth    +.........             (no amulet)
HPRegen  0.16/turn              (no ring)
MPRegen  0.10/turn              (no ring)

@: paralysed, berserk cooldown, slowed
A: rugged brown scales 1, powered by death 2
a: Berserk, Trog's Hand, Burn Spellbooks, Renounce Religion


You were on level 4 of the Dungeon.
You worshipped Trog.
Trog was most pleased with you.
You were very hungry.

You visited 1 branch of the dungeon, and saw 4 of its levels.

You collected 143 gold pieces.
You spent 50 gold pieces at shops.

Inventory:

Hand Weapons
 a - a +0 falchion (weapon)
Armour
 f - a +0 helmet of intelligence (worn)
 m - a +0 pair of gloves (worn)
 o - a +0 pair of boots (worn)
 q - a +0 ring mail (worn)
Wands
 u - a wand of flame (30)
Scrolls
 g - 2 scrolls of magic mapping {unknown}
 h - 2 scrolls of fog {unknown}
 i - 7 scrolls of identify {unknown}
 l - 3 scrolls of blinking {unknown}
 n - 2 scrolls of remove curse {unknown}
 r - 2 scrolls of teleportation {unknown}
 s - a scroll of enchant armour {unknown}
Potions
 b - 2 potions of brilliance {unknown}
 d - a potion of mutation {unknown}
 e - 2 potions of agility {unknown}
 j - a potion of flight {unknown}
 k - 4 potions of curing {unknown}
 t - a potion of heal wounds
Books
 p - a book of Air

   Spells                             Type                      Level
   a - Shock                          Conjuration/Air              1
   b - Swiftness                      Charms/Air                   2
   c - Static Discharge               Conjuration/Air              3
   d - Airstrike                      Air                          4
   e - Lightning Bolt                 Conjuration/Air              5
   Trog disapproves of the use of such an item.
Comestibles
 c - 8 rations


   Skills:
 + Level 4.4 Fighting
 + Level 5.3 Long Blades
 + Level 2.5 Armour
 + Level 3.1 Dodging
 + Level 1.3 Stealth


You had 5 spell levels left.
You didn't know any spells.

Dungeon Overview and Level Annotations

Branches:
Dungeon (4/15)
 Temple: D:4-7

Altars:
Kikubaaqudgha
Nemelex Xobeh
Vehumet
Wu Jian
Zin

Shops:
D:4 !

Annotations:
D:4 Grinder


Innate Abilities, Weirdness & Mutations

You are partially covered in rugged brown scales. (AC +1, +3% HP)
You regenerate health from kills.


Message History

Grinder gestures at you.
You barely resist.
You can move again.
Grinder gestures at you.
You shrug off the repeated paralysis!
Grinder gestures at you. Pain shoots through your body! Grinder hits you.
You barely miss Grinder. Grinder hits you.
You writhe in agony.
Grinder hits you!
* * * LOW HITPOINT WARNING * * *
You writhe in agony.
* * * LOW HITPOINT WARNING * * *
Grinder blinks!
Grinder gestures at you.
You suddenly lose the ability to move!
Grinder blinks!
Grinder gestures at you. Pain shoots through your body!
You die...

#####.####....................#
..............................#
..............................##
...............................#
..............................##
..............................#
.............................##
..............................#
................@....5......###
............................#
................$..........##
...........................#
..... ...............(..# .....
................### ..>..
.................# .....
................## .....
.)............##


You could see Grinder.

Vanquished Creatures
  Sigmund (D:3)
  An ogre (D:2)
  A howler monkey (D:4)
  A worker ant (D:4)
  5 adders
  2 oozes
  An adder skeleton (D:4)
  2 worms (D:3)
  4 dart slugs
  2 leopard geckos
  6 orcs (D:3)
  2 ball pythons
  4 giant cockroaches
  8 goblins
  12 hobgoblins
  9 jackals (D:3)
  A quokka (D:3)
  5 bats
  6 frilled lizards
  2 jackal skeletons (D:4)
  9 kobolds
  6 rats
90 creatures vanquished.

Vanquished Creatures (others)
  A giant cockroach (D:1)
1 creature vanquished.

Grand Total: 91 creatures vanquished

Notes
Turn   | Place    | Note
-------+----------+-------------------------------------------
     0 | D:1      | troglodite the Demonspawn Berserker began the quest for the Orb.
     0 | D:1      | Reached XP level 1. HP: 18/18 MP: 1/1
   138 | D:1      | Reached skill level 3 in Long Blades
   138 | D:1      | Gained mutation: You are partially covered in rugged brown scales. (AC +1, +3% HP) [demonic ancestry]
   138 | D:1      | Reached XP level 2. HP: 12/24 MP: 2/2
   865 | D:1      | Reached XP level 3. HP: 23/29 MP: 3/3
  1079 | D:2      | Found a faded altar of an unknown god.
  1153 | D:2      | Found a radiant altar of Vehumet.
  1324 | D:2      | Noticed an ogre
  1336 | D:2      | Killed an ogre
  1336 | D:2      | Gained mutation: You regenerate a little health from kills. [demonic ancestry]
  1336 | D:2      | Reached XP level 4. HP: 38/38 MP: 4/4
  1388 | D:2      | Reached skill level 4 in Long Blades
  1388 | D:2      | Gained mutation: You regenerate health from kills. [demonic ancestry]
  1388 | D:2      | Reached XP level 5. HP: 30/43 MP: 5/5
  1946 | D:3      | Reached ** piety under Trog
  1946 | D:3      | Reached skill level 1 in Stealth
  2033 | D:3      | Found a sparkling altar of Nemelex Xobeh.
  2303 | D:3      | Noticed Sigmund
  2375 | D:3      | Killed Sigmund
  2375 | D:3      | Reached XP level 6. HP: 38/50 MP: 6/6
  2755 | D:3      | Reached skill level 5 in Long Blades
  3302 | D:3      | Found an ancient bone altar of Kikubaaqudgha.
  3349 | D:4      | Found Wuuranur's Distillery.
  3359 | D:4      | Bought a potion of heal wounds for 50 gold pieces
  3386 | D:4      | Reached *** piety under Trog
  3486 | D:4      | Found an ornate altar of the Wu Jian Council.
  3878 | D:4      | Found a glowing silver altar of Zin.
  4043 | D:4      | Noticed Grinder
  4053 | D:4      | Paralysed by Grinder for 7 turns
  4064 | D:4      | Paralysed by Grinder for 5 turns
  4068 | D:4      | Killed from afar by Grinder

Skill      XL: |  1  2  3  4  5  6 |
---------------+-------------------+-----
Long Blades    | 3 4 5 |  5.3
Dodging        | 2 3 |  3.1
Fighting       | 4 |  4.4
Stealth        | 1 |  1.3
Armour         | 2 |  2.5

Action                   |  1- 3 |  4- 6 || total
-------------------------+-------+-------++-------
Melee: Falchion          |    94 |   223 ||   317
Invok: Berserk           |     1 |     2 ||     3
  Eat: Chunk             |     1 |     8 ||     9
       Ration            |       |     1 ||     1
Armor: Animal skin       |    18 |    19 ||    37
       Ring mail         |       |    70 ||    70
Dodge: Dodged            |    63 |   172 ||   235
       Rpst.: Falchion   |    17 |    54 ||    71
